 Dungeon Crawl Stone Soup version 0.29-a0-338-g1ff7896281 (webtiles) character file.

Game seed: 13013554558781886119

25 brightshaft the Ogre Mage (level 3, -3/31 HPs)
             Began as an Ogre Earth Elementalist on Apr 17, 2022.
             Slain by Terence
             ... wielding a +0 flail
              (9 damage)
             ... on level 1 of the Dungeon.
             The game lasted 00:02:32 (1303 turns).

brightshaft the Ogre Mage (Ogre Earth Elementalist) Turns: 1303, Time: 00:02:33

Health: -3/31      AC:  3    Str: 12    XL:     3   Next: 6%
Magic:  0/8        EV:  9    Int: 18    God:
Gold:   44         SH:  0    Dex:  9    Spells: 9/10 levels left

rFire   . . .      SeeInvis .   i - +0 dagger (venom)
rCold   . . .      Faith    .   (no shield)
rNeg    . . .      Spirit   .   b - +0 robe
rPois   .          Reflect  .   (helmet restricted)
rElec   .          Harm     .   (no cloak)
rCorr   .          Rampage  .   (gloves unavailable)
Will    .....                   (boots unavailable)
Stlth   +.........              (no amulet)
HPRegen 0.10/turn               (no ring)
MPRegen 0.11/turn               (no ring)

@: very slightly contaminated
A: large, unfitting armour, tough skin 1
a: no special abilities


You were on level 1 of the Dungeon.
You visited 1 branch of the dungeon, and saw 2 of its levels.

You collected 44 gold pieces.

Inventory:

Hand Weapons
 i - a +0 dagger of venom (weapon)
Missiles
 a - 63 stones
 d - 6 boomerangs of dispersal
Armour
 b - a +0 robe (worn)
Magical Staves
 h - a staff of cold
Scrolls
 e - 2 scrolls of identify {unknown}
 f - a scroll of magic mapping {unknown}
Potions
 c - a potion of magic
 g - a potion of berserk rage {unknown}


   Skills:
 - Level 1.7 Dodging
 - Level 1.4 Stealth
 - Level 4.0 Spellcasting
 - Level 0.8 Transmutations
 + Level 2.7 Earth Magic


You had 9 spell levels left.
You knew the following spells:

 Your Spells              Type           Power      Damage    Failure   Level
a - Sandblast             Erth           26%        2d8       4%          1

Your spell library contained the following spells:

 Spells                   Type           Power      Damage    Failure   Level
 Passwall                 Tmut/Erth      8%         N/A       11%         2
 Stone Arrow              Conj/Erth      16%        3d8       26%         3
 Petrify                  Tmut/Erth      10%        N/A       56%         4


Dungeon Overview and Level Annotations

Branches:
Dungeon (2/15)

Altars:

Annotations:
D:1 Terence


Innate Abilities, Weirdness & Mutations

You are too large for most types of armour.
You have tough skin. (AC +1)


Message History

The blast of sand hits Terence but does no damage.
The giant cockroach closely misses you. Terence hits you but does no damage.
Aiming: Sandblast (safe; 4% risk of failure)
Press: ? - help, Q - select action, (/) - cycle Shift-Dir - straight line, f/p - Terence
Aim: Terence, wielding a +0 flail and wearing a +0 chain mail of cold resistance (85% to hit)
The blast of sand hits Terence.
Terence is moderately wounded.
The giant cockroach bites you but does no damage.
Terence misses you.
Aiming: Sandblast (safe; 4% risk of failure)
Press: ? - help, Q - select action, (/) - cycle Shift-Dir - straight line, f/p - Terence
Aim: Terence, wielding a +0 flail and wearing a +0 chain mail of cold resistance (moderately wounded, 85% to hit)
The blast of sand hits Terence but does no damage.
Terence is moderately wounded.
The giant cockroach completely misses you.
Terence barely misses you.
Aiming: Sandblast (safe; 4% risk of failure)
Press: ? - help, Q - select action, (/) - cycle Shift-Dir - straight line, f/p - Terence
Aim: Terence, wielding a +0 flail and wearing a +0 chain mail of cold resistance (moderately wounded, 85% to hit)
You miscast Sandblast.
You are very lightly contaminated with residual magic.
Nothing appears to happen.
The giant cockroach bites you but does no damage.
Terence hits you with a +0 flail! The giant cockroach barely misses you.
Aiming: Sandblast (safe; 4% risk of failure)
Press: ? - help, Q - select action, (/) - cycle Shift-Dir - straight line, f/p - Terence
Aim: Terence, wielding a +0 flail and wearing a +0 chain mail of cold resistance (moderately wounded, 85% to hit)
The blast of sand hits Terence but does no damage.
Terence is moderately wounded.
The giant cockroach closely misses you. Terence hits you with a +0 flail!
* * * LOW HITPOINT WARNING * * *
Aiming: Sandblast (safe; 4% risk of failure)
Press: ? - help, Q - select action, (/) - cycle Shift-Dir - straight line, f/p - Terence
Aim: Terence, wielding a +0 flail and wearing a +0 chain mail of cold resistance (moderately wounded, 85% to hit)
The blast of sand hits Terence but does no damage.
Terence is moderately wounded.
The giant cockroach bites you.
* * * LOW HITPOINT WARNING * * *
Terence hits you with a +0 flail!
You die...

........####.# ###.........##.
.............# ##.......######.
♣♣♣♣♣♣♣♣...#.# #......#.# #.
PP..PP..♣....# #..#...#.## ##
....P...♣..### #.........# #
..P....P♣..# #.))#.##..# #
.......P♣..#######.....##..# #
.P.<....♣......B@..........# #
....PP..♣.#.###.@..)..#.##.### #
...P...P♣.#.###.#..#).#......#
......PP♣.#.##........)....#.##
♣♣♣♣♣♣♣♣♣..........#...####...##
............##..#..#...#
#.###.##
###..#####.............# #.#
#...
##.......###.##..###.###.###.#.
#######.# #.....#.....##...##.
#.# ###.........#######.


You could see Terence and a giant cockroach.

Vanquished Creatures
  An endoplasm (D:1)
  A giant cockroach (D:1)
  4 goblins (D:1)
  A hobgoblin (D:1)
  6 kobolds (D:1)
  4 quokkas (D:1)
  3 ball pythons (D:1)
  A bat (D:1)
  A frilled lizard (D:1)
  3 rats (D:1)
25 creatures vanquished.

Vanquished Creatures (others)
  18 fungi (D:1)
18 creatures vanquished.

Grand Total: 43 creatures vanquished

Notes
Turn   | Place    | Note
-------+----------+-------------------------------------------
     0 | D:1      | brightshaft the Ogre Earth Elementalist began the quest for
                  | the Orb.
     0 | D:1      | Reached XP level 1. HP: 16/16 MP: 3/3
   107 | D:1      | Reached skill level 3 in Spellcasting
   156 | D:1      | Reached XP level 2. HP: 20/24 MP: 4/6
   843 | D:1      | Reached XP level 3. HP: 23/31 MP: 8/8
  1057 | D:1      | Reached skill level 4 in Spellcasting
  1290 | D:2      | Noticed Terence
  1303 | D:1      | Slain by Terence

Illustrated notes

Levels and vault maps discovered:
D:1:      scummos_arrival_checkerplants, layout_loops_cross
D:2:      layout_basic, serial_corexii_hall, chequers_hall_statues_y,
          corexii_hall_statues_l, uniq_sigmund, uniq_terence, uniq_robin

Skill      XL: |  1  2  3 |
---------------+----------+-----
Spellcasting   | 3 4 |  4.0
Dodging        | |  1.7
Stealth        | |  1.4
Transmutations | |  0.8
Earth Magic    | |  2.7

Action                   || total
-------------------------++-------
Melee: Short sword       ||    60
       Dagger            ||     4
 Cast: Sandblast         ||    23
 Stab: Sleeping          ||     2
Armor: Robe              ||    35
Dodge: Dodged            ||    54

Table legend: (Time is in decaauts)
 A = Elapsed time spent in this place.
 B = Non-inter-level travel time spent in this place.
 C = Inter-level travel time spent in this place.
 D = Time resting spent in this place.
 E = Time spent auto-exploring this place.
 F = Levels seen in this place.
 G = Mean time per level.
                   A        B        C        D        E       F      G
               +--------+--------+--------+--------+--------+-----+--------+
         Total |   1307 |   1277 |     30 |      0 |   1027 |   2 |  653.5 |
       Dungeon |   1307 |   1277 |     30 |      0 |   1027 |   2 |  653.5 |
               +--------+--------+--------+--------+--------+-----+--------+

Top non-repeatable levels by time:
     D:1: 1303 daAuts
     D:2: 4 daAuts
